 Dungeon Crawl Stone Soup version 0.24-a0-291-g79c1ce7 (webtiles) character file.

Game seed: 1065593883542997587

134 galech the Covered (level 4, -4/35 HPs)
             Began as a Demonspawn Fighter on May 9, 2019.
             Killed by nerve-wracking pain
             ... invoked by an orc priest
              (9 damage)
             ... on level 2 of the Dungeon.
             The game lasted 00:01:57 (2476 turns).

galech the Covered (Demonspawn Fighter)             Turns: 2476, Time: 00:01:58

Health: -4/35      AC:  6    Str: 17    XL:     4   Next: 95%
Magic:  4/4        EV:  7    Int:  9    God:
Gold:   132        SH:  9    Dex: 13    Spells: 3/3 levels left

rFire    . . .     SeeInvis .   a - +0 war axe
rCold    . . .     Gourm    +   c - +0 shield
rNeg     . . .     Faith    .   b - +0 scale mail
rPois    .         Spirit   .   (no helmet)
rElec    .         Reflect  .   (no cloak)
rCorr    .         Harm     .   (no gloves)
MR       +....                  (no boots)
Stlth    ..........             r - amulet of the gourmand
HPRegen  0.11/turn              s - ring of protection from magic
MPRegen  0.09/turn              (no ring)

@: no status effects
A: powered by death 2
a: no special abilities


You were on level 2 of the Dungeon.
You were hungry.

You visited 1 branch of the dungeon, and saw 3 of its levels.

You collected 132 gold pieces.

Inventory:

Hand Weapons
 a - a +0 war axe (weapon)
Armour
 b - a +0 scale mail (worn)
 c - a +0 shield (worn)
Jewellery
 r - an amulet of the gourmand (around neck)
 s - a ring of protection from magic (left hand)
Scrolls
 h - 6 scrolls of identify {unknown}
 j - a scroll of remove curse {unknown}
 k - a scroll of amnesia {unknown}
 l - a scroll of enchant weapon {unknown}
 n - a scroll of teleportation {unknown}
 t - a scroll of random uselessness {unknown}
Potions
 e - a potion of flight {unknown}
 g - 3 potions of curing {unknown}
 i - a potion of agility {unknown}
 m - a potion of lignification {unknown}
 o - a potion of heal wounds {unknown}
 q - a potion of cancellation {unknown}
Comestibles
 f - 3 rations


   Skills:
 + Level 3.5 Fighting
 + Level 2.9 Axes
 + Level 3.5 Armour
 + Level 0.9 Dodging
 + Level 0.1 Stealth
 + Level 3.3 Shields


You had 3 spell levels left.
You didn't know any spells.
Your spell library was empty.

Dungeon Overview and Level Annotations

Branches:
Dungeon (3/15)

Altars:
Ashenzari
Elyvilon
Nemelex Xobeh
Uskayaw
The Shining One


Innate Abilities, Weirdness & Mutations

You regenerate health from kills.


Message History

The orc priest barely misses you. The orc priest closely misses you.
You hit the orc priest.
The orc priest is moderately wounded.
You block the orc priest's attack.
You hit the orc priest but do no damage.
The orc priest is moderately wounded.
The orc priest hits you.
* * * LOW HITPOINT WARNING * * *
The orc priest hits you.
* * * LOW HITPOINT WARNING * * *
You closely miss the orc priest.
The orc priest is moderately wounded.
The orc priest hits you.
* * * LOW HITPOINT WARNING * * *
You closely miss the orc priest.
The orc priest is moderately wounded.
The orc priest hits you but does no damage.
The orc priest invokes the aid of Beogh against you.
Pain shoots through your body!
You die...

##.....##.......##.......#
######...###..####.#####.####
# #....##.####..# #.# #.# #
#.##......##..####.# #.# #
#.##............##.# #.# #
#.##......#.....##.# #.# #
#.##......##....##.#####.#
#.######.###..#[.........#
#.# #.# #...o@..#######
#.######.# ##.######
#........# #.# ########## #.#
#.# ########## #.#
#######........##
##########.#
#.......######.##
#.......##.# #.......# #.##
#.#####.##.# #.......####
#.##


You could see an orc priest.

Vanquished Creatures
  Jessica (D:3)
  An orc wizard (D:2)
  3 gnolls (D:3)
  2 adders (D:2)
  An ooze (D:3)
  An orc (D:3)
  A ball python (D:2)
  4 bats
  6 goblins
  2 hobgoblins
  2 jackals (D:1)
  2 quokkas (D:2)
  A frilled lizard (D:2)
  3 kobolds
  4 rats
34 creatures vanquished.

Notes
Turn   | Place    | Note
-------+----------+-------------------------------------------
     0 | D:1      | galech the Demonspawn Fighter began the quest for the Orb.
     0 | D:1      | Reached XP level 1. HP: 18/18 MP: 1/1
   353 | D:1      | Gained mutation: You regenerate a little health from kills.
                  | [demonic ancestry]
   353 | D:1      | Reached XP level 2. HP: 20/24 MP: 2/2
   585 | D:2      | Found a white marble altar of Elyvilon.
   616 | D:2      | Found a glowing golden altar of the Shining One.
  1026 | D:2      | Found a shattered altar of Ashenzari.
  1060 | D:2      | Reached XP level 3. HP: 29/29 MP: 3/3
  1663 | D:3      | Noticed Jessica
  1678 | D:3      | Gained mutation: You regenerate health from kills. [demonic
                  | ancestry]
  1678 | D:3      | Reached XP level 4. HP: 23/35 MP: 4/4
  1680 | D:3      | Killed Jessica
  1741 | D:3      | Noticed a +0 hand axe
  1741 | D:3      | Noticed a +0 hand axe
  1743 | D:3      | Found a hide-covered altar of Uskayaw.
  1800 | D:3      | Found a sparkling altar of Nemelex Xobeh.
  2476 | D:2      | Killed from afar by an orc priest

Levels and vault maps discovered:
D:1:      co_arrival_square_in_a_square_in_a_square, layout_loops_ring
D:2:      layout_loops_corners, lemuel_crystal_altar, overflow_temple_1_default,
          lemuel_round_altar, first_ration, patterned_corridor
D:3:      layout_loops_cross, dancing_weapons_uskayaw,
          nemelex_xobeh_ov_fountains_minmay, uniq_jessica

Skill      XL: |  1  2 |
---------------+-------+-----
Armour         | 3 |  3.5
Shields        | 3 |  3.3
Axes           | 2 |  2.9
Fighting       | |  3.5
Dodging        | |  0.9
Stealth        | |  0.1

Action                   |  1- 3 |  4- 6 || total
-------------------------+-------+-------++-------
Melee: War axe           |   101 |    26 ||   127
  Use: Potion            |       |     1 ||     1
  Eat: Chunk             |     2 |     5 ||     7
Armor: Scale mail        |    45 |     9 ||    54
Dodge: Dodged            |    25 |     6 ||    31
Block: Shield            |    46 |    13 ||    59

Table legend:
 A = Non-vault XP
 B = Vault XP
 C = Vault XP percentage of total XP
 D = Non-vault monster count
 E = Vault monster count
 F = Vault count percentage of total count
                 A         B        C        D         E       F
            +---------+---------+-------+---------+---------+-------
      Total |     155 |      37 |  19.3 |      33 |       1 |   2.9
            +---------+---------+-------+---------+---------+-------
        D:1 |      19 |       0 |   0.0 |      11 |       0 |   0.0
        D:2 |      73 |       0 |   0.0 |      11 |       0 |   0.0
        D:3 |      63 |      37 |  37.0 |      11 |       1 |   8.3
            +---------+---------+-------+---------+---------+-------
